 Dungeon Crawl Stone Soup version 0.17-a0-2101-g0c122e7 (webtiles) character file.

377443 Raurakos the Fetichist (level 21, -6/199 HPs)
             Began as a Deep Dwarf Assassin on Oct 16, 2015.
             Was the Champion of Makhleb.
             Mangled by a juggernaut (82 damage)
             ... on level 2 of the Depths on Oct 18, 2015.
             The game lasted 05:41:07 (46717 turns).

Raurakos the Fetichist (Deep Dwarf Assassin)       Turns: 46717, Time: 05:41:08

Health: -6/199     AC: 43    Str: 23    XL:     21   Next: 82%
Magic:  43/43      EV: 14    Int: 20    God:    Makhleb [******]
Gold:   2977       SH:  0    Dex: 21    Spells: 0 memorised, 20 levels left

rFire  . . .     SeeInvis .     a - +6 great mace (crush)
rCold  + . .     Clarity  .     Y - +6 crystal plate armour
rNeg   + . .     SustAt   .     (no shield)
rPois  .         Gourm    .     X - +3 helmet of the Beginning {+Fly MP+9 Slay+2}
rElec  .         Spirit   .     P - +2 cloak {+Inv}
rCorr  .         Warding  .     q - +1 pair of gloves
rMut   .         Stasis   .     g - +1 pair of boots
MR     +++..                    (no amulet)
Stlth  ..........               f - ring "Ubysmo Guem" {rC+ Int+7}
                                D - +6 ring of strength

@: about to teleport, non-regenerating, extremely resistant to hostile
enchantments, extremely unstealthy
A: damage resistance, recharge devices, breathe flames 1, negative energy
resistance 1, sense surroundings 3, slow regeneration 3, subdued magic 1
a: Device Recharging, Minor Destruction, Lesser Servant of Makhleb, Major
Destruction, Greater Servant of Makhleb, Renounce Religion, Breathe Fire, Evoke
Invisibility, Evoke Flight
}: 2/15 runes: serpentine, barnacled


You were on level 2 of the Depths.
You worshipped Makhleb.
Makhleb was exalted by your worship.
You were not hungry.

You visited 8 branches of the dungeon, and saw 42 of its levels.
You also visited: Labyrinth, Ossuary and Ice Cave.

You collected 5054 gold pieces.
You spent 2077 gold pieces at shops.

Inventory:

Hand Weapons
 a - a +6 great mace of crushing (weapon)
 b - the +10 arbalest of Brutal Revenge {penet, rPois Str+3}
   (You acquired it on level 7 of the Dungeon)

   Ammo fired by it will pass through the targets it hits, potentially hitting
   all targets in its path until it reaches maximum range.
   It affects your strength (+3).
   It protects you from poison.
 c - a +5 demon whip of draining
 Q - a +1 great mace of holy wrath
Missiles
 r - 32 silver bolts
 s - 976 bolts
 u - 10 throwing nets (quivered)
 v - 86 bolts of frost
 w - 24 steel bolts
 K - 51 bolts of flame
 V - 47 poisoned bolts
Armour
 g - a +1 pair of boots (worn)
 q - a +1 pair of gloves (worn)
 P - a +2 cloak of invisibility (worn)
 X - the +3 helmet of the Beginning (worn) {+Fly MP+9 Slay+2}
   (You found it on level 1 of the Vaults)

   It affects your accuracy and damage with ranged weapons and melee attacks
   (+2).
   It affects your magic capacity (+9).
   It lets you fly.
 Y - a +6 crystal plate armour (worn)
Rods
 d - a +1 rod of clouds (4/10)
   (You bought it in a shop on level 4 of the Orcish Mines)
Jewellery
 e - an uncursed ring of see invisible
 f - the ring "Ubysmo Guem" (right hand) {rC+ Int+7}
   (You took it off a minotaur in a labyrinth)

   [ring of protection from cold]

   It affects your intelligence (+7).
   It protects you from cold.
 p - an uncursed ring of poison resistance
 D - a +6 ring of strength (left hand)
 F - an uncursed ring of teleportation
Wands
 o - a wand of polymorph (11)
 t - a wand of heal wounds (2)
 E - a wand of enslavement (14)
 G - a wand of teleportation (3)
 M - a wand of confusion (4)
 N - a wand of digging (10)
 T - a wand of slowing (19)
Scrolls
 i - 7 scrolls of recharging
 j - 7 scrolls of magic mapping
 k - 7 scrolls of blinking
 m - 14 scrolls of remove curse
 x - 12 scrolls of teleportation
 y - a scroll of silence
 A - 5 scrolls of fear
 C - 2 scrolls of fog
 U - 12 scrolls of identify
 Z - 3 scrolls of holy word
Potions
 l - 11 potions of curing
 n - 8 potions of haste
 z - 2 potions of berserk rage
 B - a potion of heal wounds
 H - 7 potions of might
 I - 6 potions of agility
 O - 10 potions of lignification
Miscellaneous
 L - a box of beasts
 R - a lamp of fire
 W - a disc of storms
Comestibles
 h - 15 bread rations
 J - a chunk of flesh
 S - 4 meat rations


   Skills:
 + Level 14.5 Fighting
   Level 1.7 Short Blades
 - Level 20.0 Maces & Flails
 - Level 18.2 Crossbows
 - Level 1.7 Throwing
 - Level 15.0 Armour
 - Level 15.0 Dodging
 - Level 4.8 Stealth
 - Level 20.0 Evocations


You had 20 spell levels left.
You didn't know any spells.

Dungeon Overview and Level Annotations

Branches:
Dungeon (15/15)            Temple (1/1) D:7            Lair (8/8) D:10
 Shoals (4/4) Lair:6        Snake (4/4) Lair:6        Slime (0/6) Lair:7
    Orc (4/4) D:10            Elf (0/3) Orc:4        Vaults (4/5) D:14
  Crypt (0/3) Vaults:3     Depths (2/5) D:15

Altars:
Cheibriados
Elyvilon
Fedhas
Makhleb
Okawaru
Qazlal
Sif Muna
Trog
Vehumet
Xom
Zin
The Shining One
Jiyva

Shops:
D:6 !   D:10 *   D:11 }!   Orc:1 !   Orc:4 }%?}   Shoals:1 }   Snake:1 (
Vaults:2 *   Vaults:3 [

Portals:
Hell: Depths:1

Annotations:
D:14 exclusions: ice statue and obsidian statue
Lair:7 1 runed door
Shoals:2 exclusion: Roxanne, Roxanne


Innate Abilities, Weirdness & Mutations

You are resistant to damage.
You can recharge devices by infusing magical energy.
You resist negative energy.
You passively map a large area around you.
You do not regenerate naturally.
You can breathe flames.
Your spells are a little easier to cast, but a little less powerful.


Message History

The juggernaut is heavily wounded.
Your crystal plate armour prevents you from hitting the juggernaut.
The juggernaut is heavily wounded.
You hit the juggernaut but do no damage.
The juggernaut is heavily wounded.
You hit the juggernaut but do no damage.
The juggernaut is heavily wounded.
The juggernaut is engulfed in acidic fog.
The acid corrodes the juggernaut!
The juggernaut hits you!!!
You hear a shout!
You sock the juggernaut!
The juggernaut is heavily wounded.
Read which item? (? for menu, Esc to quit)
As you read the scroll of teleportation, it crumbles to dust.
You feel strangely unstable.
Your crystal plate armour prevents you from hitting the juggernaut.
The juggernaut is heavily wounded.
The juggernaut is engulfed in acidic fog.
The acid corrodes the juggernaut!
The juggernaut hits you!!!!
You die...

, ,* * .#.#.* * ####
.#.#.# * , * §§§
.#.#.#. ####### , ,,
#§§*.#.#.#.*##..#.#.
#§§ .#.#.#.*#.......
§§#.#.#.#.##....... *
* #§§.#.#.#..##...###
,
,,#§C##.#.##......#..
* , ,*
#.@##.#.##......#.# ,
* #..#..#..#......#.#
, *
,#..#.###........#.#
, * ,,
#..#............#.# *
, ,*
#......#..........# ,
,* ,
#....##............ *
, * ,
,###.###.......#..#.
, , #.# #.....)>#....
,, * , *##.#
#.....#.#.#..


You could see a juggernaut.

Vanquished Creatures
  Norris (Snake:4)
  Jory (Vaults:2)
  Xtahua (Vaults:3)
  Rupert (Lair:4)
  Asterion (Snake:1)
  2 krakens
  Gastronok (Lair:3)
  Agnes (Snake:3)
  A sphinx (Vaults:4)
  Kirke (D:13)
  3 storm dragons
  13 greater nagas
  Ilsuiw (Shoals:4)
  Wiglaf (Vaults:1)
  6 fire giants
  Maud (Orc:2)
  18 vault wardens
  3 deep elf sorcerers
  Aizul (Vaults:2)
  Louise (Snake:1)
  A caustic shrike zombie (Depths:2)
  7 stone giants
  18 ironheart preservers
  3 very ugly things (Depths:1)
  4 deep elf annihilators
  2 deep elf demonologists (Vaults:3)
  2 salamander stormcallers
  Snorg (D:13)
  5 merfolk javelineers
  4 deep elf death magi
  4 fire dragons
  19 vault guards
  A minotaur (Lab)
  6 merfolk impalers
  Josephine (Lair:4)
  An ettin (Vaults:3)
  8 yaktaur captains
  Harold (Orc:3)
  2 entropy weavers (shapeshifter)
  3 great orbs of eyes
  5 hydras
  27 naga warriors
  An entropy weaver (Depths:2)
  2 ice dragons
  8 centaur warriors
  5 ogre magi
  7 satyrs
  3 catoblepae (Lair:8)
  5 merfolk aquamancers
  4 merfolk avatars
  11 anacondas
  9 death yaks
  A spriggan air mage (Depths:2)
  2 tengu warriors
  A vampire mage (D:14)
  A deep troll shaman (Depths:2)
  5 orc high priests (Orc:4)
  18 naga sharpshooters
  A deep elf knight (D:15)
  Sonja (D:13)
  Nergalle (Orc:3)
  A hell knight (Vaults:4)
  8 shock serpents
  A shadow wraith (Vaults:4)
  9 skeletal warriors
  A fire crab (Vaults:2)
  2 ice devils (IceCv)
  7 sea snakes
  A giant orange brain (Vaults:4)
  3 flayed ghosts
  3 unseen horrors
  4 ice statues
  2 deep elf summoners
  6 mana vipers
  8 deep trolls
  6 naga ritualists
  Pikel (D:5)
  2 shadow dragon zombies (D:15)
  A wizard (Vaults:1)
  24 harpies
  A deep elf conjurer (Vaults:4)
  3 hill giants
  2 necromancers
  An oklob plant (Lair:6)
  14 orc knights
  An orc sorcerer (Vaults:3)
  9 manticores
  3 cyclopes
  23 ironbrand convokers
  42 ugly things
  12 griffons
  3 wolf spiders
  A hornet (Vaults:4)
  10 salamanders
  21 fauns
  2 water nymphs
  6 elephants
  Maurice (Orc:2)
  9 sirens
  18 naga magi
  A stone giant skeleton (D:15)
  7 guardian serpents
  An efreet (D:13)
  10 vault sentinels
  12 spiny frogs
  5 orange demons (D:15)
  A gargoyle (D:11)
  A spiny frog (shapeshifter) (Vaults:3)
  42 black mambas
  4 kobold demonologists
  49 yaktaurs
  12 komodo dragons
  10 trolls
  5 deep elf priests
  5 blue devils (IceCv)
  A guardian mummy (D:15)
  4 red devils (D:15)
  A tengu conjurer (Depths:1)
  6 freezing wraiths
  25 merfolk
  4 polar bears
  24 slime creatures
  4 wind drakes
  A raiju (shapeshifter) (Vaults:1)
  7 snapping turtles
  35 blink frogs
  3 harpy zombies (Shoals:3)
  A boulder beetle (Lair:7)
  9 two-headed ogres
  A griffon zombie (Shoals:3)
  5 wraiths
  3 redbacks
  3 hogs
  2 hill giant zombies (D:10)
  17 humans
  3 basilisks
  57 yaks
  13 water elementals
  A spriggan (Lair:6)
  A wyvern (Lair:6)
  4 air elementals (Depths:2)
  11 hippogriffs
  2 hungry ghosts (D:10)
  18 deep elf fighters
  8 deep elf magi
  A hippogriff (shapeshifter) (Vaults:4)
  4 wargs
  Menkaure (D:5)
  A naga (shapeshifter) (Depths:1)
  69 nagas
  20 vampire mosquitoes
  13 wolves
  Edmund (D:4)
  21 water moccasins
  2 mottled dragons
  51 orc warriors
  A soldier ant (D:11)
  9 sky beasts
  A swamp drake (D:10)
  14 porcupines
  2 black bears
  3 ice beasts
  17 centaurs
  3 phantoms
  A necrophage (D:14)
  3 boggarts (Vaults:2)
  A wasp (D:13)
  32 ogres
  18 crocodiles
  A big kobold (D:8)
  2 elf zombies (Ossuary)
  11 giant frogs
  6 killer bees
  5 scorpions
  2 troll zombies (D:10)
  A tengu zombie (D:15)
  2 electric eels
  An elf simulacrum (Vaults:2)
  A quasit (D:9)
  5 crimson imps
  5 wights (D:12)
  4 giant frog skeletons
  A human zombie (Ossuary)
  4 centaur zombies
  A draconian simulacrum (IceCv)
  2 giant frog zombies
  Crazy Yiuf (D:4)
  34 orc priests
  4 jellies
  4 centaur skeletons
  11 hounds
  10 worker ants
  Terence (D:3)
  12 iguanas
  25 orc wizards
  3 troll simulacra (IceCv)
  3 centaur simulacra (IceCv)
  4 ogre zombies (D:10)
  23 sheep
  2 big kobold zombies (Ossuary)
  4 hound zombies
  2 hound skeletons
  4 mummies (Ossuary)
  2 ogre simulacra (IceCv)
  A naga simulacrum (IceCv)
  37 river rats
  14 adders
  7 gnolls
  2 white imps (D:15)
  A shadow imp (D:6)
  An ufetubus (D:15)
  3 adder skeletons
  2 oozes (D:1)
  3 adder zombies
  2 worms
  6 giant geckos
  179 orcs
  4 ball pythons
  10 bats
  A bat zombie (Shoals:3)
  7 hobgoblins
  10 kobolds
  5 giant cockroaches
  A giant gecko skeleton (D:6)
  4 giant newts
  10 goblins
  2 goblin skeletons (D:10)
  A goblin zombie (Ossuary)
  3 hobgoblin skeletons (D:10)
  A hobgoblin zombie (D:10)
  3 jackals (D:7)
  5 orc skeletons (D:10)
  16 orc zombies
  2 quokkas
  A quokka zombie (D:9)
  11 rats
  9 plants
  3 tentacles (Shoals:1)
1840 creatures vanquished.

Vanquished Creatures (others)
  A mana viper (Snake:1)
  A human (D:13)
  A vampire mosquito (Vaults:1)
  A sky beast (D:5)
  An ogre (Vaults:4)
  A slave (D:5)
  2 orcs (D:5)
  4 fungi
  15 plants
  10 tentacles
  356 tentacle segments
393 creatures vanquished.

Grand Total: 2233 creatures vanquished

Notes
Turn   | Place    | Note
--------------------------------------------------------------
     0 | D:1      | Raurakos the Deep Dwarf Assassin began the quest for the Orb.
     0 | D:1      | Reached XP level 1. HP: 19/19 MP: 1/1
   215 | D:1      | Reached XP level 2. HP: 18/27 MP: 2/2
   408 | D:1      | Reached XP level 3. HP: 15/34 MP: 3/3
  1165 | D:2      | Reached XP level 4. HP: 28/44 MP: 4/4
  1745 | D:3      | Reached XP level 5. HP: 40/51 MP: 5/5
  1904 | D:3      | Reached skill level 5 in Fighting
  1954 | D:3      | Noticed Terence
  2021 | D:3      | Killed Terence
  2231 | D:3      | Reached skill level 1 in Maces & Flails
  2796 | D:4      | Got a slimy leather armour
  2807 | D:4      | Identified the +0 leather armour of Mysticism {+Blink rC- rN++ Stlth+} (You found it on level 4 of the Dungeon)
  2837 | D:4      | Noticed Edmund
  2880 | D:4      | Killed Edmund
  2880 | D:4      | Reached XP level 6. HP: 19/61 MP: 6/6
  3049 | D:4      | Found a sand-covered staircase.
  3054 | Ossuary  | Entered an ossuary
  3169 | Ossuary  | Reached XP level 7. HP: 36/67 MP: 6/6
  3191 | Ossuary  | Reached skill level 5 in Maces & Flails
  3508 | D:4      | Noticed a phantom
  3526 | D:4      | Killed a phantom
  3526 | D:4      | Reached skill level 6 in Maces & Flails
  3794 | D:4      | Noticed an ogre
  3829 | D:4      | Killed an ogre
  3963 | D:4      | Noticed Crazy Yiuf
  3974 | D:4      | Killed Crazy Yiuf
  4131 | D:4      | Reached skill level 7 in Maces & Flails
  4191 | D:5      | Entered Level 5 of the Dungeon
  4221 | D:5      | Noticed Pikel
  4453 | D:4      | Reached XP level 8. HP: 44/74 MP: 7/7
  4547 | D:5      | Reached skill level 8 in Maces & Flails
  4739 | D:5      | Noticed Menkaure
  4753 | D:5      | Killed Menkaure
  5095 | D:5      | Reached skill level 9 in Maces & Flails
  5123 | D:5      | Killed Pikel
  5123 | D:5      | Reached skill level 10 in Maces & Flails
  5177 | D:5      | Upgraded the game from 0.17-a0-2093-gc772f4b to 0.17-a0-2098-gf59d6bc
  5201 | D:5      | Found a shimmering altar of Xom.
  5543 | D:5      | Reached skill level 1 in Armour
  5543 | D:5      | Gained mutation: You passively map the area around you. [Deep Dwarf growth]
  5543 | D:5      | Reached XP level 9. HP: 45/81 MP: 8/8
  5607 | D:6      | Found Havuruap's Distillery.
  5656 | D:6      | Found a snail-covered altar of Cheibriados.
  5984 | D:6      | Bought a potion of haste for 110 gold pieces
  5984 | D:6      | Bought a potion of might for 44 gold pieces
  5984 | D:6      | Bought a potion of berserk rage for 55 gold pieces
  6246 | D:6      | Reached skill level 5 in Armour
  6466 | D:7      | Found a staircase to the Ecumenical Temple.
  6479 | Temple   | Entered the Ecumenical Temple
  6504 | Temple   | Became a worshipper of Makhleb the Destroyer
  6588 | D:7      | Identified 2 scrolls of acquirement
  6590 | D:7      | Got a crystal arbalest
  6591 | D:7      | Identified the +10 arbalest of Brutal Revenge {penet, rPois Str+3} (You acquired it on level 7 of the Dungeon)
  6880 | D:7      | Reached skill level 5 in Dodging
  7520 | D:8      | Reached * piety under Makhleb
  7520 | D:8      | Reached skill level 11 in Maces & Flails
  8239 | D:8      | Reached XP level 10. HP: 17/88 MP: 9/9
  8413 | D:9      | Reached ** piety under Makhleb
  8718 | D:9      | Found a blossoming altar of Fedhas.
  8833 | D:9      | Reached skill level 12 in Maces & Flails
  9256 | D:9      | Reached skill level 5 in Evocations
  9482 | D:10     | Entered Level 10 of the Dungeon
  9527 | D:10     | Reached *** piety under Makhleb
  9631 | D:10     | Found Lomonuhu's Assorted Antiques.
  9634 | D:10     | Bought a potion of curing for 78 gold pieces
  9758 | D:10     | Found a staircase to the Orcish Mines.
  9966 | D:10     | Reached **** piety under Makhleb
 10134 | D:10     | Reached XP level 11. HP: 94/94 MP: 16/16
 10247 | D:10     | Found a staircase to the Lair.
 10912 | Lair:1   | Entered Level 1 of the Lair of Beasts
 11046 | Lair:1   | Reached ***** piety under Makhleb
 11046 | Lair:1   | Reached skill level 10 in Armour
 11248 | Lair:1   | Reached skill level 10 in Evocations
 11895 | Lair:2   | Noticed an eight-headed hydra
 12005 | Lair:2   | Reached skill level 1 in Crossbows
 12163 | Lair:2   | Reached XP level 12. HP: 109/109 MP: 18/18
 12183 | Lair:2   | Reached skill level 5 in Crossbows
 12375 | Lair:2   | Killed an eight-headed hydra
 13233 | Lair:3   | Noticed Gastronok
 13237 | Lair:3   | Killed Gastronok
 13327 | Lair:3   | Reached skill level 10 in Crossbows
 13908 | Lair:4   | Noticed Rupert
 13925 | Lair:4   | Paralysed by Rupert for 7 turns
 13984 | Lair:4   | Killed Rupert
 14036 | Lair:4   | Noticed Josephine
 14049 | Lair:4   | Killed Josephine
 14049 | Lair:4   | Reached XP level 13. HP: 37/115 MP: 19/19
 14136 | Lair:4   | Reached ****** piety under Makhleb
 14659 | Lair:4   | Reached skill level 13 in Crossbows
 15672 | Lair:6   | Reached skill level 14 in Crossbows
 15682 | Lair:6   | Found a staircase to the Snake Pit.
 16304 | Lair:6   | Reached skill level 15 in Crossbows
 16380 | Lair:6   | Found a staircase to the Shoals.
 16551 | Lair:7   | Found a labyrinth entrance.
 16579 | Lab      | Entered a labyrinth
 16870 | Lab      | Got a translucent copper ring
 16908 | Lab      | Identified Roxanne's Disquisition on Shifting Stones (You found it in a labyrinth)
 16911 | Lab      | Identified Urunim's Handbook of Congealing Augmentations (You found it in a labyrinth)
 17117 | Lair:1   | Identified the ring "Ubysmo Guem" {rC+ Int+7} (You took it off a minotaur in a labyrinth)
 17373 | Lair:7   | Found a runed door.
 17373 | Lair:7   | Found a viscous altar of Jiyva.
 17373 | Lair:7   | Found a staircase to the Slime Pits.
 17714 | Lair:8   | Entered Level 8 of the Lair of Beasts
 17714 | Lair:8   | Found an iron altar of Okawaru.
 18002 | Lair:8   | Gained mutation: You resist negative energy. [Deep Dwarf growth]
 18002 | Lair:8   | Reached XP level 14. HP: 123/123 MP: 22/22
 18604 | Lair:8   | Reached skill level 15 in Evocations
 19194 | Orc:1    | Entered Level 1 of the Orcish Mines
 19434 | Orc:1    | Found Muusetua's Distillery.
 19646 | Orc:2    | Noticed Maurice
 19646 | Orc:2    | Noticed Maud
 19656 | Orc:2    | Killed Maurice
 19696 | Orc:2    | Killed Maud
 19819 | Orc:2    | Noticed Erolcha
 19820 | Orc:2    | Noticed Erolcha
 19820 | Orc:2    | Erolcha changed into Erolcha the harpy
 19832 | Orc:2    | Killed Erolcha the harpy
 20476 | Orc:3    | Noticed Harold
 20486 | Orc:3    | Killed Harold
 21001 | Orc:3    | Noticed Nergalle
 21033 | Orc:3    | Killed Nergalle
 21256 | Orc:4    | Entered Level 4 of the Orcish Mines
 21869 | Orc:4    | Found a staircase to the Elven Halls.
 22255 | Orc:4    | Reached skill level 10 in Dodging
 22368 | Orc:4    | Gained mutation: Your spells are a little easier to cast, but a little less powerful. [a neqoxec]
 22460 | Orc:4    | Found Iwaotz's Gadget Boutique.
 22461 | Orc:4    | Found Coateiph's Magic Scroll Boutique.
 22461 | Orc:4    | Found Hizxac's Food Shop.
 22462 | Orc:4    | Found Maqeugg's Gadget Boutique.
 22469 | Orc:4    | Bought a scroll of enchant weapon for 90 gold pieces
 22475 | Orc:4    | Bought a +1 rod of clouds (10/10) for 800 gold pieces
 22764 | D:11     | Reached XP level 15. HP: 129/129 MP: 25/25
 22766 | D:11     | Reached skill level 16 in Evocations
 22902 | D:11     | Found Muteschut's Quality Used Wands.
 23186 | D:11     | Found Vaani's Distillery.
 23189 | D:11     | Bought a potion of beneficial mutation for 420 gold pieces
 23189 | D:11     | Bought a potion of beneficial mutation for 420 gold pieces
 23189 | D:11     | Bought a potion of heal wounds for 60 gold pieces
 23189 | D:11     | Gained mutation: You can breathe flames. [potion of beneficial mutation]
 23190 | D:11     | Gained mutation: You passively map a large area around you. [potion of beneficial mutation]
 23804 | D:12     | Reached skill level 17 in Evocations
 24501 | D:13     | Noticed Kirke
 24515 | D:13     | Killed Kirke
 24522 | D:13     | Noticed Snorg
 24535 | D:13     | Killed Snorg
 24535 | D:13     | Reached skill level 18 in Evocations
 24623 | D:13     | Noticed Sonja
 24637 | D:13     | Killed Sonja
 24886 | D:13     | Found a stormy altar of Qazlal.
 25110 | D:14     | Found a gate to the Vaults.
 25298 | D:14     | Reached skill level 19 in Evocations
 25896 | D:15     | Entered Level 15 of the Dungeon
 26025 | D:15     | Found a staircase to the Depths.
 26242 | D:15     | Reached skill level 20 in Evocations
 26283 | D:15     | Found a frozen archway.
 26314 | IceCv    | Entered an ice cave
 26670 | IceCv    | Got an iridescent mace
 26671 | IceCv    | Identified the +7 mace of Naexahen {crush, rElec Int+3 Stlth-} (You found it in an ice cave)
 26712 | IceCv    | Reached XP level 16. HP: 125/139 MP: 29/29
 27342 | D:15     | Got a heavily runed hat
 27353 | D:15     | Identified the +0 hat of Attuoss {rF+ rCorr} (You acquired it on level 15 of the Dungeon)
 28558 | Snake:1  | Entered Level 1 of the Snake Pit
 28805 | Snake:1  | Reached skill level 10 in Fighting
 28863 | Snake:1  | Noticed Asterion
 28901 | Snake:1  | Noticed Louise
 28905 | Snake:1  | Killed Asterion
 28919 | Snake:1  | Killed Louise
 29047 | Snake:1  | Found Nemalla's Weapon Shoppe.
 30614 | Snake:3  | Noticed Agnes
 30623 | Snake:3  | Killed Agnes
 30703 | Snake:3  | Reached skill level 15 in Maces & Flails
 30761 | Snake:3  | Reached XP level 17. HP: 127/153 MP: 30/30
 31415 | Snake:4  | Entered Level 4 of the Snake Pit
 31592 | Snake:4  | Noticed Norris
 31604 | Snake:4  | Paralysed by something for 7 turns
 31610 | Snake:4  | Killed Norris
 32973 | Snake:4  | Got a serpentine rune of Zot
 33574 | Snake:4  | Mutation became permanent: You passively map a large area around you. [Deep Dwarf growth]
 33574 | Snake:4  | Reached XP level 18. HP: 160/160 MP: 31/31
 34366 | Lair:1   | Upgraded the game from 0.17-a0-2098-gf59d6bc to 0.17-a0-2101-g0c122e7
 34540 | Shoals:1 | Entered Level 1 of the Shoals
 34587 | Shoals:1 | You are sucked into a shaft!
 34587 | Shoals:2 | Noticed Roxanne
 35168 | Shoals:1 | Found Coilud's Gadget Shoppe.
 36575 | Shoals:4 | Entered Level 4 of the Shoals
 36705 | Shoals:4 | Noticed Ilsuiw
 37117 | Shoals:4 | Reached XP level 19. HP: 102/168 MP: 32/32
 37415 | Shoals:4 | Killed Ilsuiw
 37809 | Shoals:4 | Got a barnacled rune of Zot
 38218 | Vaults:1 | Entered Level 1 of the Vaults
 38330 | Vaults:1 | Noticed Wiglaf
 38349 | Vaults:1 | Killed Wiglaf
 39653 | Vaults:1 | Got a scorched helmet
 39664 | Vaults:1 | Identified the +3 helmet of the Beginning {+Fly MP+9 Slay+2} (You found it on level 1 of the Vaults)
 39984 | Vaults:2 | Found Derhu's General Store.
 40184 | Vaults:2 | Noticed Jory
 40217 | Vaults:2 | Killed Jory
 40589 | Vaults:2 | Noticed Aizul
 40601 | Vaults:2 | Killed Aizul
 41366 | Vaults:2 | Reached XP level 20. HP: 172/176 MP: 33/33
 41526 | Vaults:3 | Found Vupuap's Antique Armour Boutique.
 41532 | Vaults:3 | Found a staircase to the Crypt.
 41586 | Vaults:3 | Noticed Xtahua
 42265 | Vaults:3 | Killed Xtahua
 43250 | Vaults:4 | Reached skill level 15 in Armour
 43658 | Vaults:4 | Reached skill level 15 in Dodging
 43864 | Vaults:4 | Reached XP level 21. HP: 181/184 MP: 34/34
 45114 | Depths:1 | Entered Level 1 of the Depths
 46035 | Depths:1 | Found a gateway to Hell.
 46707 | Depths:2 | Noticed a juggernaut
 46717 | Depths:2 | Mangled by a juggernaut

Vault maps used:
D:1:      elethiomel_arrival_shortcut
D:3:      uniq_terence
D:4:      first_bread, enter_ossuary_5, uniq_crazy_yiuf_cottage, uniq_edmund
D:5:      overflow_temple_1_default, uniq_pikel, uniq_menkaure
D:6:      serial_shops, shop, basic_altar
D:7:      minmay_temple_entry_large_hall
D:9:      grunt_livestock, nicolae_water_bricks, nicolae_two_hexagons,
          minmay_misc_feat_encased, fedhas_altar_fruit_tree
D:10:     erik_lair_dragon, zombieorc2_lemuel, serial_shops, shop
D:11:     serial_shops, nicolae_shop_window_shopping, nicolae_for_you_no_charge
D:13:     basic_altar, uniq_kirke, uniq_snorg, uniq_sonja
D:14:     minmay_separated_statues, david_vaults_3, abandoned_shop
D:15:     gammafunk_depths_entry_grave, portal_ice_cave_entry_ice_statue_01,
          serial_ice, serial_ice_j, serial_ice_g, serial_ice_c, serial_ice_d,
          serial_ice_a, serial_ice_b, serial_ice_h, serial_ice_m,
          minmay_beelzebubs_servants
Temple:   grunt_circular_temple_18
Lair:1:   cheibrodos_lair_reptile_den, grunt_megastairs_3
Lair:3:   uniq_gastronok
Lair:4:   uniq_rupert, uniq_josephine
Lair:6:   minmay_lair_oklob_items, minmay_shoals_entry_hut,
          minmay_snake_entry_six_corridors, lemuel_fruit_tree
Lair:7:   slime_altar_2, lab_entry_generic, grunt_forest_stairs_clearing
Lair:8:   evilmike_catoblepas_cave, basic_altar
Shoals:1: serial_shops, shop
Shoals:2: nicolae_shoals_seven_spires, uniq_roxanne
Shoals:3: nicolae_shoals_undead_eyrie
Shoals:4: shoals_end_grunt_garden, shoals_ilsuiw_alternative
Snake:1:  serial_shops, shop, grunt_ministairs_4, uniq_louise, uniq_asterion
Snake:3:  uniq_agnes
Snake:4:  grunt_snake_rune_spirals, uniq_norris
Orc:1:    serial_shops, nicolae_shop_crystal
Orc:2:    uniq_maurice, uniq_maud, uniq_erolcha
Orc:3:    nicolae_orc_pool_cavern, nicolae_orc_crystal_geode, uniq_nergalle,
          uniq_harold
Orc:4:    st_orc_pillars
Vaults:1: v_rooms_4, ontoclasm_vaults_pinch, nicolae_vaults_triangles,
          v_misc_10, vaults_mumra_chevron, nicolae_vaults_stairing_the_circle,
          vaults_standard_mumra_lines, nicolae_vaults_mini_display_case,
          nicolae_vaults_gold_heap, vaults_room_hangedman_quadrants,
          grunt_vaults_hallway_short, uniq_wiglaf
Vaults:2: grunt_vaults_bifocal, nicolae_vaults_ring_of_whatevers,
          vaults_dpeg_encased_lava, v_misc_9, vaults_dpeg_spiral,
          ontoclasm_vaults_decontamination, v_misc_30, vaults_dpeg_cross,
          v_misc_29, ontoclasm_vaults_bender, vaults_mumra_hexcomb,
          serial_shops, nicolae_shop_window_shopping, uniq_aizul, uniq_jory
Vaults:3: hangedman_vaults_stagger, v_misc_17, nicolae_vaults_meeting,
          v_misc_10, nicolae_vaults_circle_grid_b, ontoclasm_vaults_chip,
          nicolae_vaults_big_ls, hangedman_vaults_corner_blocks, v_misc_23,
          ontoclasm_vaults_twist, v_misc_18, v_misc_16, ontoclasm_vaults_tryst,
          ontoclasm_vaults_misaligned, vaults_room_hallway, dummy_crypt_entry,
          serial_shops, shop, uniq_xtahua
Vaults:4: vaults_room_grid, st_squares, v_misc_5, v_misc_28, v_misc_32,
          hangedman_vaults_variations, v_pattern_3, grunt_vaults_trifunnel,
          v_misc_22, ontoclasm_vaults_loading_screen,
          nicolae_vaults_little_squares_2, nicolae_vaults_asterisk,
          hangedman_vaults_stretched_pinwheel
Depths:1: serial_sigils, serial_sigils_hangedman_etch,
          serial_sigils_hangedman_writhe, serial_sigils_hangedman_gut,
          serial_sigils_hangedman_scar, serial_sigils_hangedman_leer,
          hell_entry, grunt_ministairs_4
Depths:2: minmay_tri_box, serial_co_window_serial, co_window_corner_a,
          co_window_of_opportunity_a, co_window_paths_a,
          co_window_of_opportunity_a, co_window_paths_b,
          co_window_unsneaky_path_d, co_window_of_opportunity_b,
          co_window_corner_ca, co_window_paths_c, co_window_paths_d,
          co_window_paths_e, glass_columns_c, glass_columns_a, serial_shops,
          shop_fountains, hell_entry, fountainhead
Lab:      nicolae_lab_dead_adventurers
Ossuary:  ossuary_minmay_tomb_2a
IceCv:    ice_cave_tombish

Action                   |  1- 3 |  4- 6 |  7- 9 | 10-12 | 13-15 | 16-18 | 19-21 || total
-------------------------+-------+-------+-------+-------+-------+-------+-------++-------
Melee: Dagger            |    76 |    20 |    44 |       |       |       |       ||   140
       Whip              |    55 |    66 |       |       |       |       |       ||   121
       Mace              |       |    27 |       |       |       |    25 |       ||    52
       Unarmed           |       |     1 |       |       |       |       |       ||     1
       Flail             |       |    87 |   263 |     3 |       |       |       ||   353
       Demon whip        |       |       |    84 |   681 |  2245 |  1582 |    62 ||  4654
       Rod               |       |       |       |       |       |     1 |       ||     1
       Great mace        |       |       |       |       |       |       |  1197 ||  1197
 Fire: Blowgun           |     7 |    38 |    83 |     6 |       |       |       ||   134
       Arbalest          |       |       |       |    73 |   159 |   418 |   393 ||  1043
Throw: Stone             |     6 |    15 |    30 |       |       |       |       ||    51
 Abil: Device Recharging |       |     1 |       |       |       |       |       ||     1
       Breathe Fire      |       |       |       |       |     1 |     5 |     3 ||     9
       Evoke Invisibilit |       |       |       |       |       |     1 |       ||     1
       Evoke Flight      |       |       |       |       |       |    13 |     4 ||    17
Evoke: Wand              |     1 |     5 |     8 |     2 |     3 |     3 |       ||    22
       Rod               |       |       |       |       |    15 |    28 |    31 ||    74
  Use: Scroll            |       |     5 |    12 |    12 |    13 |     9 |    11 ||    62
       Potion            |       |       |     1 |     4 |     3 |     4 |     2 ||    14
 Stab: Sleeping          |     9 |    15 |     9 |       |       |       |       ||    33
       Distracted        |       |       |     1 |       |       |       |       ||     1
       Invisible         |       |       |       |       |       |     4 |       ||     4
  Eat: Chunk             |     1 |     7 |    14 |    17 |    39 |    13 |    34 ||   125
       Pizza             |       |       |     1 |       |       |     2 |     3 ||     6
       Beef jerky        |       |       |       |     2 |     4 |     1 |     3 ||    10
       Royal jelly       |       |       |       |     1 |     1 |       |     1 ||     3
       Fruit             |       |       |       |       |       |    17 |       ||    17
       Bread ration      |       |       |       |       |       |     1 |       ||     1
       Meat ration       |       |       |       |       |       |     2 |       ||     2
